 Dungeon Crawl Stone Soup version 0.30-a0-364-gf6b3ef1049 (webtiles) character file.

Game seed: 9252283473636632472

85 mopl the Magician (level 4, -3/27 HPs)
             Began as an Octopode Hedge Wizard on Nov 14, 2022.
             Slain by an adder (4 damage)
             ... on level 3 of the Dungeon.
             The game lasted 00:02:30 (1245 turns).

mopl the Magician (Octopode Hedge Wizard)           Turns: 1245, Time: 00:02:30

Health: -3/27      AC:  1    Str:  9    XL:     4   Next: 48%
Magic:  0/9        EV: 13    Int: 18    God:
Gold:   132        SH:  0    Dex: 11    Spells: 4/10 levels left

rFire   . . .      SeeInvis .    a - +1 dagger (speed)
rCold   . . .      Faith    .    (no shield)
rNeg    . . .      Spirit   .    b - +0 hat
rPois   .          Reflect  .    (no amulet)
rElec   .          Harm     .    (no ring)
rCorr   .          Rampage  .    (no ring)
Will    .....                    (no ring)
Stlth   +++.......               (no ring)
HPRegen 0.24/turn                (no ring)
MPRegen 0.11/turn                (no ring)
                                 (no ring)
                                 (no ring)

@: lethally poisoned (-3 -> -14), very slightly contaminated
A: almost no armour, amphibious, 8 rings, camouflage 1, gelatinous body 1,
(nimble swimmer 1), tentacles
a: no special abilities


You were on level 3 of the Dungeon.
You visited 1 branch of the dungeon, and saw 3 of its levels.

You collected 132 gold pieces.

Inventory:

Hand Weapons
 a - a +1 dagger of speed (weapon)
Armour
 b - a +0 hat (worn)
Scrolls
 f - 2 scrolls of immolation {unknown}
 g - a scroll of enchant weapon {unknown}
 j - a scroll of brand weapon {unknown}
 k - a scroll of vulnerability {unknown}
 l - 6 scrolls of teleportation
 m - a scroll of enchant armour {unknown}
Potions
 c - a potion of magic
 d - 2 potions of heal wounds {unknown}
 e - 4 potions of curing {unknown}
 h - 2 potions of lignification {unknown}
 i - a potion of berserk rage {unknown}
 n - 2 potions of flight
 o - a potion of brilliance
 p - a potion of degeneration {unknown}


   Skills:
 - Level 2.0 Dodging
 - Level 2.6 Stealth
 * Level 3.7 Spellcasting
 * Level 2.4 Conjurations
 - Level 1.0 Summonings
 + Level 2.0 Translocations
 + Level 0.6 Air Magic
 + Level 1.0 Poison Magic


You had 4 spell levels left.
You knew the following spells:

 Your Spells              Type           Power      Damage    Failure   Level
a - Magic Dart            Conj           44%        1d5       6%          1
c - Mephitic Cloud        Conj/Pois/Air  8%         N/A       26%         3
e - Blink                 Tloc           20%        N/A       10%         2

Your spell library contained the following spells:

 Spells                   Type           Power      Damage    Failure   Level
 Momentum Strike          Conj/Tloc      22%        3d8       10%         2
 Slow                     Hex            12%        N/A       16%         1
 Call Imp                 Summ           6%         N/A       16%         2
 Cigotuvi's Dreadful Rot  Necr/Pois/Air  10%        N/A       19%         2
 Lesser Beckoning         Tloc           20%        N/A       21%         3


Dungeon Overview and Level Annotations

Branches:
Dungeon (3/15)

Altars:

Annotations:
D:1 dig


Innate Abilities, Weirdness & Mutations

You cannot wear most types of armour.
You are amphibious.
You can wear up to eight rings at the same time.
Your skin changes colour to match your surroundings (Stealth+).
Your rubbery body absorbs attacks. (AC +1, EV +1)
((You are camouflaged when in or above water. (Stealth+)))
You have tentacles for arms and can constrict up to eight enemies at once.


Message History

The adder completely misses you.
The magic dart hits the adder.
The adder is moderately wounded.
The adder misses you. The adder bites you.
You closely miss the adder. Your grab misses the adder.
Your squeeze misses the adder.
The adder is moderately wounded.
The adder barely misses you.
You hit the adder. Your grab misses the adder.
The adder is heavily wounded.
You hit the adder. Your grab misses the adder.
The adder is heavily wounded.
The adder bites you.
You are poisoned.
The adder poisons you!
You barely miss the adder. Your grab misses the adder.
The adder is heavily wounded.
You feel sick. The adder bites you.
You are more poisoned.
The adder poisons you! The adder misses you.
Casting: Magic Dart (safe; 6% risk of failure)
Confirm with . or Enter, or press ? or * to list all spells.
Aiming: Magic Dart (safe; 6% risk of failure)
Press: ? - help, Shift-Dir - straight line, f/p - adder
Aim: an adder (heavily wounded, 100% to hit)
The magic dart hits the adder.
The adder is almost dead.
You feel sick. The adder bites you.
* * * LOW HITPOINT WARNING * * *
You are lethally poisoned!
The adder poisons you! The adder misses you.
Casting: Magic Dart (safe; 6% risk of failure)
Confirm with . or Enter, or press ? or * to list all spells.
You miscast Blink.
Nothing appears to happen.
* * * LOW HITPOINT WARNING * * *
You feel sick. The adder bites you but does no damage. The adder bites you.
* * * LOW HITPOINT WARNING * * *
You are more poisoned.
The adder poisons you! The adder bites you.
You die...

..!#.....# #######.#.#
#.... ....####+##
......#.. ..###
###.......#
....####...### #.......#
....... .. #.......#
.....# #.......# .....#
#.......# .....#
###.......#######S....#
..........##....@.#
########+###...S..##.##
.##### #.# #..........^.
.....###.###.....##..###
..........##........##
..................###
..................#
..................#
......§§..§..§§.§.#


You could see 2 adders.

Vanquished Creatures
  3 adders
  A worm (D:2)
  7 ball pythons
  6 bats
  4 endoplasms
  2 giant cockroaches (D:2)
  10 goblins
  5 hobgoblins
  2 jackals (D:1)
  3 kobolds
  3 frilled lizards (D:2)
  5 rats
51 creatures vanquished.

Notes
Turn   | Place    | Note
-------+----------+-------------------------------------------
     0 | D:1      | mopl the Octopode Hedge Wizard began the quest for the Orb.
     0 | D:1      | Reached XP level 1. HP: 11/11 MP: 4/4
   143 | D:1      | Reached XP level 2. HP: 17/17 MP: 6/6
   225 | D:1      | Learned a level 2 spell: Blink
   267 | D:1      | Reached XP level 3. HP: 20/21 MP: 5/7
   272 | D:1      | Reached skill level 2 in Conjurations
   569 | D:1      | Learned a level 3 spell: Mephitic Cloud
   760 | D:2      | Reached XP level 4. HP: 27/27 MP: 5/9
  1114 | D:3      | Reached skill level 1 in Poison Magic
  1211 | D:3      | Reached skill level 2 in Translocations
  1245 | D:3      | HP: 1/27 [adder (4)]
  1245 | D:3      | Slain by an adder

Illustrated notes

Levels and vault maps discovered:
D:1:      minmay_arrival_glassed_features, layout_basic, kennysheep_nondescript
D:2:      layout_basic
D:3:      layout_basic, mainiacjoe_overflow_brackets, minmay_misc_feat_enclosed

Skill      XL: |  1  2  3  4 |
---------------+-------------+-----
Conjurations   | 2 |  2.4
Poison Magic   | 1 |  1.0
Translocations | 2 |  2.0
Dodging        | |  2.0
Stealth        | |  2.6
Spellcasting   | |  3.7
Summonings     | |  1.0
Air Magic      | |  0.6

Action                   |  1- 3 |  4- 6 || total
-------------------------+-------+-------++-------
Melee: Dagger            |    64 |    35 ||    99
       Constrict         |    13 |     7 ||    20
       Tentacles         |    11 |     5 ||    16
 Cast: Magic Dart        |    21 |    24 ||    45
  Use: Scroll            |       |     4 ||     4
 Stab: Sleeping          |    12 |     1 ||    13
Armor: Skin              |    12 |     3 ||    15
Dodge: Dodged            |    34 |    26 ||    60

Table legend: (Time is in decaauts)
 A = Elapsed time spent in this place.
 B = Non-inter-level travel time spent in this place.
 C = Inter-level travel time spent in this place.
 D = Time resting spent in this place.
 E = Time spent auto-exploring this place.
 F = Levels seen in this place.
 G = Mean time per level.
                   A        B        C        D        E       F      G
               +--------+--------+--------+--------+--------+-----+--------+
         Total |   1218 |   1182 |     36 |     22 |    819 |   3 |  406.0 |
       Dungeon |   1218 |   1182 |     36 |     22 |    819 |   3 |  406.0 |
               +--------+--------+--------+--------+--------+-----+--------+

Top non-repeatable levels by time:
     D:1: 573 daAuts
     D:2: 486 daAuts
     D:3: 159 daAuts
